cohdb
Replays
Latest Replays
All Replays
Popular Replays
Top Player Replays
Match Explorer
How It Works
Community
CoH3 Stats
Reddit
Sign in to upload your games and track your stats! →
Sign in with Steam
Match 44018581
Unlisted
Match 44018581
Overview
Messages
Build Orders
End
Panzergrenadier Squad
Panzergrenadier Squad
Panzergrenadier Squad
Construct Light Support Kompanie
2.5-tonne Medical Truck
MG34 Team
Panzerpioneer Squad
MG34 Team
Fire Support Elements
Flakvierling Half-track
Pak 38 Mechanized Group
Combat Half-tracks
Forward Retreat Point
Construct Mechanized Kompanie
Construct Panzerarmee Kommand
Selects Armored Support Battlegroup
Selects Veteran Gunners
Selects Salvage Kits
Selects Panzer Storm
Flak 36 Anti-tank Gun Team
Selects Stuka Anti-tank Loiter
Armored Reserves
MG34 Team
Stuka Anti-tank Loiter
RhumsteaK
King Raptor
SHELDONATOR
Hauptmann_Wotan
DeadLogic
Leeenfield1908
Dripmans
Lebowski
0
0
Comments
sign in to comment!
No comments posted yet!